 Dungeon Crawl Stone Soup version 0.32-a0-128-g77eb882913 (webtiles) character file.

Game seed: 5250005519068454126

7313 cforsyth the Fighter (level 11, -1/90 HPs)
             Began as a Djinni Warper on Feb 7, 2024.
             Slain by a centaur warrior
             ... wielding a +0 great sword
              (20 damage)
             ... on level 10 of the Dungeon.
             The game lasted 00:22:22 (12251 turns).

cforsyth the Fighter (Djinni Warper)               Turns: 12251, Time: 00:22:23

Health: -1/90      AC:  4    Str: 10    XL:     11   Next: 34%
Gold:   62         EV: 12    Int: 19    God:
                   SH:  0    Dex: 13

rFire   + + +        a - +4 long sword
rCold   . . .        (no shield)
rNeg    . . .        C - +1 robe {rC+}
rPois   ∞            (no helmet)
rElec   .            (no cloak)
rCorr   .            c - +0 pair of gloves
SInv    +            (boots unavailable)
Will    +....        (no amulet)
Stlth   +            v - ring of see invisible
HPRegen 0.35/turn    F - ring of protection from fire
MPRegen 0.00/turn

%: infuse magic (-2 HP)
@: flying, slightly contaminated
A: sickness immunity, fire resistance 2, cold vulnerability 1, float, innate
caster, HP casting, extra vitality 1
a: no special abilities


You were on level 10 of the Dungeon.
You visited 1 branch of the dungeon, and saw 10 of its levels.

You collected 410 gold pieces.
You spent 348 gold pieces at shops.


Innate Abilities, Weirdness & Mutations

You are immune to sickness and miasma.
You are immune to poison.
Your flesh is very heat resistant. (rF++)
You are vulnerable to cold. (rC-)
You float through the air rather than walking.
You learn spells naturally, not from books.
Your magical power is your life essence.
You have superior vitality. (+4 MHP)


   Skills:
 + Level 12.3 Fighting
 - Level 1.7 Long Blades
 - Level 0.7 Throwing
 - Level 1.0 Armour
 - Level 2.1 Dodging
 + Level 9.7 Spellcasting
 + Level 9.7 Conjurations
 + Level 9.7 Hexes
 + Level 9.7 Summonings
 + Level 9.7 Necromancy
 + Level 9.7 Translocations
 + Level 9.7 Fire Magic
 + Level 9.7 Ice Magic
 + Level 9.7 Air Magic
 + Level 9.7 Earth Magic
 + Level 9.7 Alchemy


You knew the following spells:

 Your Spells              Type           Power      Damage    Failure   Level
d - Static Discharge      Conj/Air       92%        3-7/arc   1%          2
e - Ensorcelled Hibernat  Hex/Ice        92%        N/A       1%          2
f - Fulminant Prism       Conj/Alch      23%        3d12      1%          4
i - Irradiate             Conj/Alch      23%        3d19      4%          5
l - Lesser Beckoning      Tloc           92%        N/A       1%          2
m - Manifold Assault      Tloc           46%        N/A       1%          4
t - Teleport Other        Tloc           46%        N/A       1%          3
z - Sting                 Conj/Alch      100%       1d9       1%          1
B - Blink                 Tloc           92%        N/A       1%          2
X - Vhi's Electric Charg  Tloc/Air       92%        N/A       1%          4
Your spell library was empty.

Inventory:

Hand Weapons
 a - a +4 long sword (weapon)
Missiles
 d - 7 darts of dispersal {=f=f}
 D - 6 atropa-tipped darts
Armour
 b - a +0 leather armour
 c - a +0 pair of gloves (worn)
 A - a +2 robe of fire resistance
 C - a +1 robe of cold resistance (worn)
 M - a +0 helmet
 P - a +0 troll leather armour
Magical Staves
 B - a staff of cold {!a!a}
 G - a staff of earth {!a!a}
Jewellery
 v - a ring of see invisible (left hand)
 F - a ring of protection from fire (right hand)
Wands
 s - a wand of mindburst (10)
 z - a wand of quicksilver (1)
 E - a wand of iceblast (16)
 I - a wand of flame (17)
 K - a wand of digging (6)
 L - a wand of paralysis (12)
Scrolls
 g - a scroll of noise
 h - a scroll of poison
 i - 3 scrolls of revelation
 j - 4 scrolls of fog
 l - a scroll of vulnerability {unknown}
 m - a scroll of immolation {unknown}
 n - 3 scrolls of enchant weapon
 p - a scroll of amnesia {unknown}
 q - 2 scrolls of teleportation {@r2@r2}
 x - a scroll of enchant armour {unknown}
 y - 2 scrolls of fear
 N - a scroll of silence {!r!r}
 O - 3 scrolls of blinking
Potions
 e - 4 potions of lignification
 f - 2 potions of attraction {unknown}
 k - 3 potions of enlightenment
 o - 2 potions of invisibility
 r - 2 potions of heal wounds {@q2@q2}
 t - 5 potions of curing {@q1@q1}
 u - 2 potions of ambrosia {unknown}
 w - a potion of brilliance {unknown}
 H - 3 potions of mutation {unknown}
 J - a potion of degeneration {unknown}

Dungeon Overview and Level Annotations

Branches:
Dungeon (10/15)            Temple (0/1) D:7
   Lair: D:8-11         Orc: D:9-12

Altars:
Ashenzari
Yredelemnul

Shops:
D:6 *   D:9 ?(*(

Annotations:
D:2 1 runed translucent door, Crazy Yiuf

≈≈#. c#§≈ ≈≈#..
..#≈§.. .≈≈#.)
..#§≈..
.≈≈#..####..#§≈..
.§≈##......##§≈§.
#≈≈§##....##§≈§..
.§≈≈ß##''##ß≈≈...
#§≈≈§ß.cߧ§≈≈...
##≈§≈..†@§≈§..#
##§§≈<>≈§§#.##
##≈≈≈≈≈≈...#
##§§≈§#####
######


You could see a centaur warrior (misshapen).


Message History

The centaur warrior unwields a +0 orcbow.
The centaur warrior wields a +0 great sword.
The centaur warrior hits you with a +0 great sword!!
* * * LOW HITPOINT WARNING * * *
The centaur warrior kicks you.
* * * LOW HITPOINT WARNING * * *
Unknown command.
Unknown command.
Casting: Lesser Beckoning (safe; 1% risk of failure)
Confirm with . or Enter, or press ? or * to list all spells.
You erupt in a fountain of uncontrolled magic!
The centaur warrior is blasted with magical radiation!!
The centaur warrior is heavily wounded.
The centaur warrior twists and deforms.
You are very lightly contaminated with residual magic.
* * * LOW HITPOINT WARNING * * *
The centaur warrior completely misses you.
The centaur warrior kicks you.
* * * LOW HITPOINT WARNING * * *
Unknown command.
Casting: Irradiate (dangerous; 4% risk of failure)
Confirm with . or Enter, or press ? or * to list all spells.
You erupt in a fountain of uncontrolled magic!
The centaur warrior is blasted with magical radiation!!
The centaur warrior is almost dead.
The centaur warrior twists and deforms.
You are lightly contaminated with residual magic.
* * * LOW HITPOINT WARNING * * *
The centaur warrior hits you with a +0 great sword!!
You die...

Skill      XL: |  1  2  3  4  5  6  7  8  9 10 11 |
---------------+----------------------------------+-----
Spellcasting   | 3 4 5 6 8 9 |  9.7
Conjurations   | 3 4 5 6 8 9 |  9.7
Hexes          | 3 4 5 6 8 9 |  9.7
Summonings     | 3 4 5 6 8 9 |  9.7
Necromancy     | 3 4 5 6 8 9 |  9.7
Translocations | 3 4 5 6 8 9 |  9.7
Fire Magic     | 3 4 5 6 8 9 |  9.7
Ice Magic      | 3 4 5 6 8 9 |  9.7
Air Magic      | 3 4 5 6 8 9 |  9.7
Earth Magic    | 3 4 5 6 8 9 |  9.7
Alchemy        | 3 4 5 6 8 9 |  9.7
Fighting       | 3 4 5 6 8 10 11 12 | 12.3
Long Blades    | |  1.7
Throwing       | |  0.7
Armour         | |  1.0
Dodging        | |  2.1

Action                     |  1- 3 |  4- 6 |  7- 9 | 10-12 || total
---------------------------+-------+-------+-------+-------++-------
  Melee: Falchion          |    47 |     9 |    75 |       ||   131
         Punch             |     3 |       |     6 |       ||     9
         Long sword        |       |       |     1 |    10 ||    11
   Cast: Sting             |    20 |   113 |    93 |    54 ||   280
         Blink             |       |       |     2 |     2 ||     4
         Lesser Beckoning  |       |       |     2 |     2 ||     4
         Fulminant Prism   |       |       |    33 |    52 ||    85
         Ensorcelled Hiber |       |       |       |     2 ||     2
         Irradiate         |       |       |       |     2 ||     2
  Evoke: Wand              |       |       |    13 |     2 ||    15
    Use: Scroll            |       |     1 |     8 |     2 ||    11
         Potion            |       |       |     1 |       ||     1
   Stab: Distracted        |       |       |     1 |       ||     1
 Armour: Leather armour    |    34 |    28 |    57 |       ||   119
         Robe              |       |       |    69 |    45 ||   114
  Dodge: Dodged            |    30 |    32 |    92 |    26 ||   180

Levels and vault maps discovered:
D:1:      dpeg_arrival_three_smaller_balls, layout_basic
D:2:      minmay_angry_zag, layout_rooms, small_statue_intersection,
          uniq_crazy_yiuf_cottage, uniq_sigmund, uniq_jessica
D:3:      layout_rooms, hangedman_abyss_or_decor_stabs, minmay_misc_feat_roman,
          kennysheep_cross_bottleneck, hangedman_decor_points, uniq_ijyb
D:4:      layout_loops_cross
D:5:      layout_gridville
D:6:      layout_loops_ring, serial_shops, nicolae_shop_statue_plus,
          hangedman_decor_push, minivault_14, uniq_jeremiah, uniq_duvessa
D:7:      layout_rooms, minmay_temple_entry_hall, nicolae_elevator_lobby_plus,
          uniq_pikel, uniq_maggie
D:8:      layout_basic, cheibrodos_ashenzari_chains,
          nicolae_overflow_crystal_walls, solitary_fountain
D:9:      layout_loops_corners, serial_shops, shop, shop, shop,
          nicolae_shop_rolled_up, chequers_serial_rivers_micro_b
D:10:     gammafunk_the_bubble [the_bubble_gammafunk_plus_minus], layout_basic,
          hiddenorc1_lemuel, kennysheep_island_fort

Notes
Turn   | Place    | Note
-------+----------+-------------------------------------------
     0 | D:1      | cforsyth the Djinni Warper began the quest for the Orb.
     0 | D:1      | cforsyth set off with the following spells memorised:
                  | Blink, Lesser Beckoning, Teleport Other, Manifold Assault,
                  | Vhi's Electric Charge.
     0 | D:1      | Reached XP level 1. HP: 18/18 MP: 0/0
   105 | D:1      | Reached skill level 3 in Spellcasting
   105 | D:1      | Reached skill level 3 in Conjurations
   105 | D:1      | Reached skill level 3 in Hexes
   105 | D:1      | Reached skill level 3 in Summonings
   105 | D:1      | Reached skill level 3 in Necromancy
   105 | D:1      | Reached skill level 3 in Translocations
   105 | D:1      | Reached skill level 3 in Fire Magic
   105 | D:1      | Reached skill level 3 in Ice Magic
   105 | D:1      | Reached skill level 3 in Air Magic
   105 | D:1      | Reached skill level 3 in Earth Magic
   105 | D:1      | Reached skill level 3 in Alchemy
   260 | D:1      | Reached XP level 2. HP: 17/23 MP: 0/0
   650 | D:1      | Reached XP level 3. HP: 19/29 MP: 0/0
   650 | D:1      | Learned a level 1 spell: Sting
  1717 | D:2      | Noticed Jessica
  1727 | D:2      | Killed Jessica
  1728 | D:2      | Reached skill level 3 in Fighting
  1728 | D:2      | Reached XP level 4. HP: 18/35 MP: 0/0
  1898 | D:2      | Found a runed translucent door.
  1899 | D:2      | Noticed Crazy Yiuf
  2272 | D:2      | Reached XP level 5. HP: 36/40 MP: 0/0
  2272 | D:2      | Learned a level 2 spell: Ensorcelled Hibernation
  2470 | D:2      | Noticed Sigmund
  2480 | D:2      | Killed Sigmund
  2481 | D:2      | Reached skill level 4 in Fighting
  2481 | D:2      | Reached skill level 4 in Spellcasting
  2481 | D:2      | Reached skill level 4 in Conjurations
  2481 | D:2      | Reached skill level 4 in Hexes
  2481 | D:2      | Reached skill level 4 in Summonings
  2481 | D:2      | Reached skill level 4 in Necromancy
  2481 | D:2      | Reached skill level 4 in Translocations
  2481 | D:2      | Reached skill level 4 in Fire Magic
  2481 | D:2      | Reached skill level 4 in Ice Magic
  2481 | D:2      | Reached skill level 4 in Air Magic
  2481 | D:2      | Reached skill level 4 in Earth Magic
  2481 | D:2      | Reached skill level 4 in Alchemy
  2481 | D:2      | Reached XP level 6. HP: 25/48 MP: 0/0
  2834 | D:3      | Noticed Ijyb
  3018 | D:3      | Killed Ijyb
  3019 | D:3      | Reached skill level 5 in Fighting
  3525 | D:4      | Reached XP level 7. HP: 29/54 MP: 0/0
  3525 | D:4      | Learned a level 2 spell: Static Discharge
  4169 | D:5      | Entered Level 5 of the Dungeon
  4252 | D:5      | Reached skill level 5 in Spellcasting
  4252 | D:5      | Reached skill level 5 in Conjurations
  4252 | D:5      | Reached skill level 5 in Hexes
  4252 | D:5      | Reached skill level 5 in Summonings
  4252 | D:5      | Reached skill level 5 in Necromancy
  4252 | D:5      | Reached skill level 5 in Translocations
  4252 | D:5      | Reached skill level 5 in Fire Magic
  4252 | D:5      | Reached skill level 5 in Ice Magic
  4252 | D:5      | Reached skill level 5 in Air Magic
  4252 | D:5      | Reached skill level 5 in Earth Magic
  4252 | D:5      | Reached skill level 5 in Alchemy
  4507 | D:5      | Reached skill level 6 in Fighting
  5183 | D:5      | Reached XP level 8. HP: 54/61 MP: 0/0
  5391 | D:6      | Noticed Duvessa
  5391 | D:6      | Noticed Dowan
  5647 | D:6      | Killed Duvessa
  5650 | D:6      | Killed Dowan
  5747 | D:6      | Reached skill level 7 in Fighting
  5770 | D:6      | HP: 6/64 [electric eel/bolt of electricity (8)]
  5953 | D:6      | Reached skill level 6 in Spellcasting
  5953 | D:6      | Reached skill level 6 in Conjurations
  5953 | D:6      | Reached skill level 6 in Hexes
  5953 | D:6      | Reached skill level 6 in Summonings
  5953 | D:6      | Reached skill level 6 in Necromancy
  5953 | D:6      | Reached skill level 6 in Translocations
  5953 | D:6      | Reached skill level 6 in Fire Magic
  5953 | D:6      | Reached skill level 6 in Ice Magic
  5953 | D:6      | Reached skill level 6 in Air Magic
  5953 | D:6      | Reached skill level 6 in Earth Magic
  5953 | D:6      | Reached skill level 6 in Alchemy
  6229 | D:6      | Found Duatet's General Store.
  6321 | D:6      | Noticed Jeremiah
  6333 | D:6      | Killed Jeremiah
  6334 | D:6      | Reached skill level 8 in Fighting
  6334 | D:6      | Reached XP level 9. HP: 70/70 MP: 0/0
  6334 | D:6      | Learned a level 4 spell: Fulminant Prism
  6795 | D:6      | Found Duatet's General Store.
  8204 | D:7      | Reached skill level 7 in Spellcasting
  8204 | D:7      | Reached skill level 7 in Conjurations
  8204 | D:7      | Reached skill level 7 in Hexes
  8204 | D:7      | Reached skill level 7 in Summonings
  8204 | D:7      | Reached skill level 7 in Necromancy
  8204 | D:7      | Reached skill level 7 in Translocations
  8204 | D:7      | Reached skill level 7 in Fire Magic
  8204 | D:7      | Reached skill level 7 in Ice Magic
  8204 | D:7      | Reached skill level 7 in Air Magic
  8204 | D:7      | Reached skill level 7 in Earth Magic
  8204 | D:7      | Reached skill level 7 in Alchemy
  8226 | D:7      | HP: 3/71 [bullfrog (7)]
  8450 | D:7      | Reached skill level 9 in Fighting
  8614 | D:7      | Found a staircase to the Ecumenical Temple.
  8640 | D:7      | Noticed Maggie
  8655 | D:7      | Killed Maggie
  8833 | D:7      | Noticed Pikel
  8841 | D:7      | Killed Pikel
  8842 | D:7      | Reached skill level 10 in Fighting
  8842 | D:7      | Reached skill level 8 in Spellcasting
  8842 | D:7      | Reached skill level 8 in Conjurations
  8842 | D:7      | Reached skill level 8 in Hexes
  8842 | D:7      | Reached skill level 8 in Summonings
  8842 | D:7      | Reached skill level 8 in Necromancy
  8842 | D:7      | Reached skill level 8 in Translocations
  8842 | D:7      | Reached skill level 8 in Fire Magic
  8842 | D:7      | Reached skill level 8 in Ice Magic
  8842 | D:7      | Reached skill level 8 in Air Magic
  8842 | D:7      | Reached skill level 8 in Earth Magic
  8842 | D:7      | Reached skill level 8 in Alchemy
  8842 | D:7      | Reached XP level 10. HP: 62/80 MP: 0/0
  9175 | D:8      | Noticed a manticore
  9185 | D:8      | Killed a manticore
  9197 | D:8      | Noticed a two-headed ogre
  9404 | D:8      | Found a basalt altar of Yredelemnul.
  9697 | D:7      | Upgraded the game from 0.32-a0-120-gfac0567ad4 to
                  | 0.32-a0-128-g77eb882913
  9854 | D:8      | Killed a two-headed ogre
  9867 | D:8      | Reached skill level 11 in Fighting
 10281 | D:8      | Found a broken altar of Ashenzari.
 10330 | D:8      | Noticed a two-headed ogre
 10349 | D:8      | Killed a two-headed ogre
 10350 | D:8      | Reached skill level 9 in Spellcasting
 10350 | D:8      | Reached skill level 9 in Conjurations
 10350 | D:8      | Reached skill level 9 in Hexes
 10350 | D:8      | Reached skill level 9 in Summonings
 10350 | D:8      | Reached skill level 9 in Necromancy
 10350 | D:8      | Reached skill level 9 in Translocations
 10350 | D:8      | Reached skill level 9 in Fire Magic
 10350 | D:8      | Reached skill level 9 in Ice Magic
 10350 | D:8      | Reached skill level 9 in Air Magic
 10350 | D:8      | Reached skill level 9 in Earth Magic
 10350 | D:8      | Reached skill level 9 in Alchemy
 10717 | D:8      | Reached XP level 11. HP: 84/87 MP: 0/0
 10717 | D:8      | Learned a level 5 spell: Irradiate
 11229 | D:9      | Found Icwoduxi's Assorted Antiques.
 11234 | D:9      | Bought a scroll labelled TELESO VETT for 22 gold pieces
 11234 | D:9      | Bought a fizzy white potion for 19 gold pieces
 11234 | D:9      | Bought a blue potion for 19 gold pieces
 11259 | D:9      | Found Hodocoune's Weapon Boutique.
 11449 | D:9      | Found Dahuatupi's Weapon Shoppe.
 11807 | D:9      | Reached skill level 12 in Fighting
 12149 | D:9      | Found Qein's Magic Scroll Boutique.
 12152 | D:9      | Bought a scroll of blinking for 120 gold pieces
 12152 | D:9      | Bought a scroll of teleportation for 48 gold pieces
 12152 | D:9      | Bought a scroll of revelation for 120 gold pieces
 12196 | D:10     | Entered Level 10 of the Dungeon
 12244 | D:10     | Noticed a centaur warrior
 12251 | D:10     | Slain by a centaur warrior

Vanquished Creatures
  2 two-headed ogres (D:8)
  Pikel (D:7)
  A manticore (D:8)
  Maggie (D:7)
  Jeremiah (D:6)
  A troll (D:10)
  Sigmund (D:2)
  A shadow (D:9)
  4 yaks (D:9)
  Duvessa (D:6)
  A water moccasin (D:6)
  3 orc warriors
  An ice beast (D:7)
  3 centaurs
  4 lemures (D:7)
  2 phantoms
  2 bullfrogs
  3 scorpions
  17 wights
  Dowan (D:6)
  8 killer bees
  2 electric eels (D:6)
  4 howler monkeys
  A bombardier beetle (D:5)
  2 jellies
  6 orc priests
  Ijyb (D:3)
  Jessica (D:2)
  3 sleepcaps (D:5)
  3 iguanas
  9 orc wizards
  3 gnolls (D:3)
  5 adders
  A white imp (D:7)
  A dart slug (D:1)
  3 ribbon worms (D:2)
  22 orcs
  6 endoplasms
  A giant cockroach (D:4)
  11 goblins
  8 hobgoblins
  A jackal (D:2)
  7 kobolds
  8 quokkas
  9 ball pythons
  7 bats
  7 frilled lizards
  4 rats (D:2)
195 creatures vanquished.

Vanquished Creatures (others)
  85 fulminant prisms
85 creatures vanquished.

Grand Total: 280 creatures vanquished

Table legend: (Time is in decaauts)
 A = Elapsed time spent in this place.
 B = Non-inter-level travel time spent in this place.
 C = Inter-level travel time spent in this place.
 D = Time resting spent in this place.
 E = Time spent auto-exploring this place.
 F = Levels seen in this place.
 G = Mean time per level.
                   A        B        C        D        E       F      G
               +--------+--------+--------+--------+--------+-----+--------+
         Total |  12283 |  11778 |    505 |    622 |   9567 |  10 | 1228.3 |
       Dungeon |  12283 |  11778 |    505 |    622 |   9567 |  10 | 1228.3 |
               +--------+--------+--------+--------+--------+-----+--------+

Top non-repeatable levels by time:
     D:6: 2228 daAuts
     D:5: 1669 daAuts
     D:1: 1648 daAuts
     D:8: 1461 daAuts
     D:7: 1307 daAuts
     D:9: 1210 daAuts
     D:2: 1039 daAuts
     D:4: 875 daAuts
     D:3: 789 daAuts
    D:10: 54 daAuts

Table legend:
 A = Non-vault XP
 B = Vault XP
 C = Vault XP percentage of total XP
 D = Non-vault monster count
 E = Vault monster count
 F = Vault count percentage of total count
                 A         B        C        D         E       F
            +---------+---------+-------+---------+---------+-------
      Total |    8087 |    2361 |  22.6 |     175 |      16 |   8.4
            +---------+---------+-------+---------+---------+-------
        D:1 |      39 |       0 |   0.0 |      22 |       0 |   0.0
        D:2 |      67 |     259 |  79.4 |      23 |       8 |  25.8
        D:3 |      76 |      38 |  33.3 |      16 |       1 |   5.9
        D:4 |     197 |       0 |   0.0 |      20 |       0 |   0.0
        D:5 |     348 |       0 |   0.0 |       7 |       0 |   0.0
        D:6 |     764 |     611 |  44.4 |      17 |       3 |  15.0
        D:7 |    1107 |    1097 |  49.8 |      19 |       2 |   9.5
        D:8 |    3443 |       0 |   0.0 |      31 |       0 |   0.0
        D:9 |    2046 |       0 |   0.0 |      20 |       0 |   0.0
       D:10 |       0 |     356 | 100.0 |       0 |       2 | 100.0
            +---------+---------+-------+---------+---------+-------
